AoeStats
← Carple

Four Lakes

503255722Analyzed
4v4 RM · 1mo ago on Aug 30, 2026· 122m 59s· 8 players
Game mode
Random Map
Map size
Large (8 player)
Population
200
Speed
Normal
Resources
Standard
Victory
Conquest
Starting age
Dark Age
Ending age
Imperial Age
RankedLock teamsTeams togetherTeam positionsShared explorationLock speedFull tech treeHidden civsTurbo modeCheats
Victory
Defeat
🇨🇦 Spanish · Canada
996
+13
🇺🇸 Celts · United States
980
+14
🇲🇽 Wu · Mexico
959
+15
🇨🇴 Portuguese · Colombia
935
+16
🇪🇸 Spanish · Spain
989
-17
🇹🇷 Turks · Türkiye
977
-16
🇹🇷 Goths · Türkiye
896
-13
🇫🇷 Turks · France
862
-11
Yocko4
11:53 Feudal Age
15:58 Castle Age
14:32 Loom
15:41 Double-Bit Axe
15:43 Horse Collar
21:18 Forging
22:23 Wheelbarrow
24:25 Gold Mining
24:43 Pikeman
29:06 Town Watch
33:31 Iron Casting
34:43 Hand Cart
36:14 Scale Mail Armor
36:07 Fletching
40:24 Imperial Age
38:05 Arson
40:51 Chain Mail Armor
40:34 Bodkin Arrow
40:46 Capped Ram
41:44 Furor Celtica
41:31 Siege Ram
49:40 Medium Warships
57:16 Gold Shaft Mining
59:35 Stone Mining
62:54 Stone Shaft Mining
64:33 Treadmill Crane
65:14 Ballistics
73:03 Hoardings
76:35 Spies/Treason
78:30 Conscription
89:30 Siege Engineers
89:39 Masonry
89:52 Shipwright
89:47 Clinker Construction
89:50 Careening
89:28 Arrowslits
92:41 Caravan
98:44 Guard Tower
98:55 Murder Holes
99:08 Siege Engineers
104:32 Keep
121:00 Demolition Ship
121:44 Heavy Demolition Ship
122:48 Dry Dock
122:49 Carvel Hull
Elma Kanon
12:25 Feudal Age
16:48 Castle Age
14:32 Fishing Lines
15:55 Double-Bit Axe
17:02 Fletching
17:30 Gillnets
18:03 Bow Saw
19:56 Bodkin Arrow
20:11 Gold Mining
20:47 Red Cliffs Tactics
21:05 Padded Archer Armor
22:12 Gold Shaft Mining
24:30 Ballistics
29:39 Imperial Age
27:56 Wheelbarrow
27:26 Stone Mining
28:24 Leather Archer Armor
30:09 Hand Cart
30:46 Conscription
31:36 Bracer
33:19 Elite Fire Archer
34:43 Forging
37:21 Chemistry
44:19 Demolition Ship
44:48 Town Watch
44:50 Loom
45:00 Heated Shot
45:49 Iron Casting
49:38 Sitting Tiger
52:23 Murder Holes
55:29 Treadmill Crane
65:32 Masonry
65:39 Masonry
65:00 Heavy Demolition Ship
65:56 Medium Warships
67:58 Architecture
71:58 Caravan
85:16 Siphons
86:27 Guard Tower
107:43 Keep
119:52 Clinker Construction
Carple
4:26 Loom
10:43 Feudal Age
14:15 Stone Mining
16:54 Castle Age
15:05 Gold Mining
15:22 Double-Bit Axe
15:49 Horse Collar
17:25 Padded Archer Armor
17:39 Bloodlines
18:37 Husbandry
24:13 Town Watch
24:21 Fishing Lines
26:43 Leather Archer Armor
29:16 Heavy Plow
31:24 Wheelbarrow
35:53 Imperial Age
35:03 Fletching
35:59 Bodkin Arrow
36:27 Hand Cart
36:34 Ballistics
36:15 Elite Conquistador
37:24 Town Patrol
38:31 Conscription
39:16 Chemistry
41:48 Clinker Construction
41:49 Careening
41:44 Bracer
42:15 Ring Archer Armor
46:01 Bow Saw
59:54 Two-Man Saw
62:26 Supremacy
61:40 Sappers
68:34 Medium Warships
67:48 Elite Cannon Galleon
72:26 Heavy Warships
84:39 Shipwright
84:28 Siphons
108:47 Bombard Tower
109:31 Caravan
113:30 Spies/Treason
121:17 Masonry
123:17 Architecture
Jhoan17
9:52 Feudal Age
14:24 Castle Age
14:34 Loom
16:14 Double-Bit Axe
18:14 Fletching
20:15 Gold Mining
23:56 Stone Mining
27:56 Wheelbarrow
37:58 Imperial Age
38:06 Bodkin Arrow
38:08 Elite Organ Gun
39:27 Conscription
41:21 Arquebus
48:43 Bracer
56:53 Bow Saw
57:58 Chemistry
57:19 Ballistics
59:51 Two-Man Saw
60:59 Horse Collar
61:28 Circumnavigation
64:39 Masonry
64:35 Siege Engineers
64:42 Careening
64:42 Clinker Construction
64:28 Murder Holes
64:44 Fortified Wall
64:41 Siphons
64:27 Guard Tower
64:58 Bombard Tower
64:19 Treadmill Crane
64:32 Heated Shot
64:57 Forging
64:48 Scale Mail Armor
64:48 Padded Archer Armor
64:54 Scale Barding Armor
73:07 Sanctity
80:10 Architecture
110:17 Caravan
117:28 Fervor
119:26 Sappers
120:18 Leather Archer Armor
120:18 Chain Mail Armor
120:24 Chain Barding Armor
120:40 Iron Casting
120:38 Carvel Hull
120:38 Dry Dock
120:55 Keep
120:24 Herbal Medicine
121:05 Theocracy
120:50 Heresy
120:51 Sanctity
120:32 Devotion
120:48 Block Printing
120:44 Fervor
120:35 Atonement
120:45 Redemption
CapeMonstre7663
0:27 Loom
13:52 Feudal Age
14:48 Double-Bit Axe
14:56 Gold Mining
15:50 Man-at-Arms
18:11 Horse Collar
19:50 Stone Mining
22:03 Castle Age
22:52 Scale Mail Armor
22:25 Long Swordsman
23:08 Squires
40:25 Medium Warships
39:40 Demolition Ship
9th Rifleman Battalion
6:01 Loom
11:45 Feudal Age
12:27 Double-Bit Axe
13:34 Fishing Lines
20:04 Castle Age
19:32 Gold Mining
20:56 Bow Saw
23:46 Gold Shaft Mining
26:37 Imperial Age
26:38 Elite Cannon Galleon
27:21 Artillery
28:37 Two-Man Saw
28:29 Shipwright
The Rule
7:16 Loom
10:56 Feudal Age
11:33 Double-Bit Axe
17:44 Castle Age
16:47 Scale Barding Armor
16:55 Forging
17:18 Bloodlines
18:46 Husbandry
19:19 Bow Saw
18:52 Horse Collar
20:46 Chain Barding Armor
21:15 Wheelbarrow
23:29 Gold Mining
27:23 Hand Cart
29:57 Stone Mining
33:22 Iron Casting
35:32 Imperial Age
37:31 Conscription
kerems
0:43 Loom
14:14 Feudal Age
21:22 Castle Age
19:12 Double-Bit Axe
19:21 Horse Collar
19:11 Man-at-Arms
20:35 Scale Mail Armor
20:29 Gold Mining
21:59 Forging
21:26 Long Swordsman
22:57 Squires
28:41 Pikeman
Connection lost

Rejoining the realm…

Still unreachable

The connection could not be restored.

Session expired

The server has moved on; the page needs a fresh start.